 Dungeon Crawl Stone Soup version 0.29-a0-919-gd064cfad1c (webtiles) character file.

Game seed: 5036943298629714794

42210 freelancePsychic the Fighter (level 13, -5/175 HPs)
             Began as a Demigod Hedge Wizard on July 26, 2022.
             Slain by a ghost moth (shapeshifter) (12 damage)
             ... in a Gauntlet.
             The game lasted 00:59:55 (26391 turns).

freelancePsychic the Fighter (DgHW)                Turns: 26391, Time: 00:59:55

Health: -5/175     AC: 26    Str: 11      XL:     13   Next: 47%
Magic:  0/30       EV: -1    Int: 34 (35) God:
Gold:   387        SH:  9    Dex: 10 (13) Spells: 17/29 levels left

rFire   . . .      SeeInvis .   F - +5 dagger (elec)
rCold   . . .      Faith    .   r - +0 kite shield
rNeg    . . .      Spirit   .   (body armour currently unavailable)
rPois   +          Reflect  .   (helmet currently unavailable)
rElec   .          Harm     .   (cloak currently unavailable)
rCorr   .          Rampage  .   (gloves currently unavailable)
Will    ++...      NoTele   +   (boots currently unavailable)
Stlth   ++........              G - amulet of Lady Luck {rPois Regen+ Int+3}
HPRegen 1.19/turn               c - ring of willpower
MPRegen 0.22/turn               (no ring)

@: lethally poisoned (-5 -> -5), tree-form, constricted
A: stationary, stasis, torment immunity, boosted hp, high MP 1, forlorn, divine
attributes
a: no special abilities


You were in a Gauntlet.
You were a tree.
You visited 2 branches of the dungeon, and saw 16 of its levels.
You also visited: Gauntlet and Ice Cave.

You collected 702 gold pieces.
You spent 315 gold pieces at shops.

Inventory:

Hand Weapons
 F - a +5 dagger of electrocution (weapon)
Armour
 b - a +0 robe (melded)
 d - a +1 cloak (melded)
 j - an orb of guile
 l - the +4 ring mail of the Arena {rElec rN+ Will- rCorr}
   (You bought it in a shop on level 7 of the Dungeon)

   rElec:     It insulates you from electricity.
   rN:        It protects you from negative energy.
   rCorr:     It protects you from acid and corrosion.
   Will:      It decreases your willpower.
 n - a +0 pair of gloves (melded)
 q - a +0 pair of boots (melded)
 r - a +0 kite shield (worn)
 t - the +1 buckler of Toihur {Str-2 Dex+4}
   (You found it on level 2 of the Dungeon)

   Str:       It affects your strength (-2).
   Dex:       It affects your dexterity (+4).
 B - a +0 helmet (melded)
Jewellery
 a - a ring of fire
 c - a ring of willpower (left branch)
 e - a ring of ice
 E - an amulet of magic regeneration
 G - the amulet of Lady Luck (around neck) {rPois Regen+ Int+3}
   (You acquired it on level 1 of the Lair of Beasts)

   [amulet of regeneration]

   Int:       It affects your intelligence (+3).
   rPois:     It protects you from poison.
   Regen:     It increases your rate of health regeneration.
 I - an amulet of the acrobat
Wands
 o - a wand of polymorph (4)
 p - a wand of iceblast (13)
 x - a wand of digging (4)
 J - a wand of flame (11)
Scrolls
 f - 4 scrolls of fog
 i - a scroll of identify {@r1}
 k - a scroll of torment
 u - a scroll of vulnerability
 y - 3 scrolls of poison
 D - 2 scrolls of amnesia
Potions
 m - a potion of brilliance
 s - 3 potions of mutation
 v - a potion of ambrosia
 w - 3 potions of attraction
 z - 3 potions of degeneration
 C - a potion of flight
Miscellaneous
 g - a phial of floods (inert)


   Skills:
 + Level 11.9 Fighting
 - Level 2.5 Short Blades
 + Level 7.5 Dodging
 - Level 2.5 Stealth
 + Level 7.4 Shields
 + Level 8.9 Spellcasting
 - Level 10.8 Conjurations
 - Level 6.2 Hexes
 - Level 0.8 Summonings
 - Level 0.8 Translocations
 - Level 1.7 Air Magic
 - Level 1.6 Poison Magic


You had 17 spell levels left.
You knew the following spells:

 Your Spells              Type           Power      Damage    Failure   Level
a - Magic Dart            Conj           100%       1d8       1%          1
b - Searing Ray           Conj           100%       2d8       1%          2
c - Mephitic Cloud        Conj/Pois/Air  47%        N/A       3%          3
d - Fulminant Prism       Conj/Hex       32%        3d16      2%          4
e - Blink                 Tloc           42%        N/A       8%          2

Your spell library contained the following spells:

 Spells                   Type           Power      Damage    Failure   Level
 Slow                     Hex            100%       N/A       1%          1
 Conjure Flame            Conj/Fire      51%        6-21      2%          3
 Call Imp                 Summ           21%        N/A       8%          2
 Passwall                 Tmut/Erth      12%        N/A       12%         2
 Yara's Violent Unravell  Hex/Tmut       18%        3d9       50%         5
 Death Channel            Necr           7%         N/A       100%        6
 Storm Form               Tmut/Air       10%        N/A       100%        7


Dungeon Overview and Level Annotations

Branches:
Dungeon (11/15)            Temple (0/1) D:4            Lair (5/5) D:9
 Shoals (0/4) Lair:3        Snake (0/4) Lair:3        IceCv (visited)
Gauntlet (1/1)
  Slime: Lair:4-5       Orc: D:9-12

Shops:
D:3 [   D:4 (   D:7 [   D:10 (

Annotations:
D:5 Edmund, Ijyb
D:6 Maggie
D:10 1 runed translucent door, exclusion: gargoyle, hquester1's ghost, novice MiFi
Lair:3 exclusion: oklob plant Gauntlet 9 transporters, 3 runed translucent doors


Innate Abilities, Weirdness & Mutations

You are a tree.
Your roots penetrate the ground, keeping you stationary.
You cannot be teleported.
You are immune to unholy pain and torment.
Your maximum health is greatly increased.
Your equipment is partially melded.
You have an increased reservoir of magic. (+10% MP)
You shall have no god before yourself.
Your divine heritage dramatically boosts your attributes as you level up.


Message History

You hit something.
You feel sick. The naga hits you.
* * * LOW HITPOINT WARNING * * *
The naga constricts you.
You feel you are being watched by something.
You feel your power leaking away.
Something hits you but does no damage. x2
Something stings you but does no damage.
Unknown command.
Unknown command.
Unknown command.
Unknown command.
Unknown command.
Unknown command.
Unknown command.
Unknown command.
Unknown command.
Unknown command.
Unknown command.
Unknown command.
Unknown command.
Unknown command.
Unknown command.
Unknown command.
Unknown command.
Unknown command.
Unknown command.
Unknown command.
Unknown command.
Unknown command.
Unknown command.
You attack the translucent stone wall.
You feel less invigorated.
You feel less confused.
You feel sick. Something hits you but does no damage.
You block something's attack.
Something stings you but does no damage.
The naga hits you but does no damage. The naga constricts you.
You feel you are being watched by something.
You feel your power leaking away. Something hits you!
You die...

#≈≈...P♣.#....##.#..P#≈#≈#P.
##≈..P...#53$©...#...P..PP..
##.P♣.#############...♣...#
##≈....#©....©....©#.......#
#≈≈.###################.####
##≈.#....##.#.#...©#..#.#...
##.##..##..#.#.##.#..#.#..h
##≈.###.#.N{#.#.##.#..#.#h##
#≈≈.#.##.##♣#.#....#..#.#h..
##≈.#..k#.###.###+++5.#.#b##
##.#..##.[##.#?=#.#4.#.#b..
##≈.#.##©[.!#.#.$#©#25#.#bh)
#≈≈.#########.#########.####
##≈.........................
##..♣P..♣P.P♣...♣..........
#≈...............PP...∩....
#≈≈≈#≈≈≈#≈≈≈#≈≈≈#..♣.......♣


You could see a sixfirhy, a naga shaped shifter (catching breath) and an
ufetubus.

Vanquished Creatures
  A reaper (IceCv)
  Josephine (Lair:3)
  2 hydras
  A catoblepas (Gauntlet)
  A two-headed ogre (Lair:1)
  A two-headed ogre (shapeshifter) (Gauntlet)
  3 death yaks
  A fire crab (Lair:4)
  A cyclops (D:11)
  4 black mambas
  12 elephants
  9 cane toads
  4 ice devils (IceCv)
  2 anaconda simulacra (IceCv)
  8 komodo dragons
  An entropy weaver simulacrum (IceCv)
  2 hornets
  5 polar bears
  A troll (D:10)
  29 blink frogs
  Grinder (D:5)
  7 dream sheep (Lair:4)
  A culicivora (shapeshifter) (Gauntlet)
  26 yaks
  A wyvern (Lair:4)
  A vampire (D:11)
  A dire elephant simulacrum (IceCv)
  5 wraiths
  5 basilisks
  2 steam dragons
  2 death yak simulacra (IceCv)
  3 nagas (Lair:3)
  9 water moccasins
  5 orc warriors
  5 black bears
  A sky beast (D:7)
  12 wolves
  4 centaurs
  A phantom (D:7)
  2 kobold brigands
  13 bullfrogs
  3 two-headed ogre simulacra (IceCv)
  A gnoll sergeant (D:10)
  A necrophage (D:6)
  A cane toad simulacrum (IceCv)
  7 scorpions
  3 wights (D:8)
  17 killer bees
  An elephant simulacrum (IceCv)
  An electric eel (D:6)
  6 howler monkeys
  3 hounds
  2 jellies
  4 orc priests
  2 iguanas
  7 orc wizards
  Natasha (D:2)
  2 spriggan simulacra (IceCv)
  3 troll simulacra (IceCv)
  A wolf simulacrum (IceCv)
  8 adders
  9 gnolls
  A naga simulacrum (IceCv)
  A shadow imp (D:6)
  3 white imps
  3 ufetubi
  3 worms
  4 dart slugs
  25 orcs
  5 endoplasms
  4 giant cockroaches
  10 hobgoblins
  8 jackals
  4 quokkas
  7 ball pythons
  9 bats
  4 frilled lizards
  7 goblins
  13 kobolds
  10 rats
400 creatures vanquished.

Vanquished Creatures (collateral kills)
  A hydra (Lair:1)
  A cane toad (Lair:1)
  2 water moccasins (Lair:1)
  4 wolves (Lair:1)
  A bullfrog (Lair:1)
9 creatures vanquished.

Vanquished Creatures (others)
  A bush (Lair:5)
  202 fulminant prisms
  71 fungi
  69 plants
  3 withered plants (Lair:5)
346 creatures vanquished.

Grand Total: 755 creatures vanquished

Notes
Turn   | Place    | Note
-------+----------+-------------------------------------------
     0 | D:1      | freelancePsychic the Demigod Hedge Wizard began the quest
                  | for the Orb.
     0 | D:1      | Reached XP level 1. HP: 14/14 MP: 6/6
    75 | D:1      | Reached skill level 1 in Conjurations
   513 | D:1      | Reached XP level 2. HP: 20/20 MP: 6/8
  1140 | D:1      | Reached XP level 3. HP: 26/26 MP: 8/10
  2851 | D:2      | Identified the +1 buckler of Toihur {Str-2 Dex+4}
  3237 | D:3      | Reached XP level 4. HP: 34/34 MP: 5/11
  3339 | D:3      | Found Ociakhod's Antique Armour Shop.
  3386 | D:3      | Reached skill level 1 in Fighting
  4179 | D:3      | HP: 1/35 [orc/+0 flail (7)]
  4579 | D:3      | Learned a level 3 spell: Mephitic Cloud
  4584 | D:3      | Noticed Natasha
  4974 | D:4      | Reached XP level 5. HP: 29/40 MP: 8/13
  5202 | D:4      | Reached skill level 1 in Air Magic
  5202 | D:4      | Reached skill level 1 in Poison Magic
  5234 | D:4      | Reached skill level 2 in Fighting
  5568 | D:4      | Found Enlixt's Weapon Shop.
  5589 | D:4      | Reached XP level 6. HP: 42/48 MP: 9/14
  5966 | D:4      | Found a staircase to the Ecumenical Temple.
  6669 | D:5      | Entered Level 5 of the Dungeon
  6673 | D:5      | Learned a level 2 spell: Searing Ray
  6810 | D:5      | Noticed Grinder
  6898 | D:5      | Noticed a water moccasin
  7170 | D:6      | Reached skill level 1 in Hexes
  7170 | D:6      | Reached XP level 7. HP: 56/56 MP: 8/16
  7343 | D:6      | Learned a level 4 spell: Fulminant Prism
  7367 | D:6      | Reached skill level 3 in Fighting
  7593 | D:6      | Noticed Maggie
  7741 | D:5      | Paralysed by Grinder for 5 turns
  7753 | D:5      | Killed Grinder
  7884 | D:5      | Reached skill level 5 in Conjurations
  7978 | D:5      | Noticed a troll
  8477 | D:5      | Reached XP level 8. HP: 60/63 MP: 9/18
  9400 | D:7      | Noticed a hornet
  9587 | D:7      | Reached skill level 4 in Fighting
  9587 | D:7      | Reached skill level 5 in Spellcasting
 10111 | D:7      | Found Iqozeosm's Antique Armour Emporium.
 10230 | D:7      | Bought a bloodstained ring mail for 315 gold pieces
 10230 | D:7      | Identified the +4 ring mail of the Arena {rElec rN+ Will-
                  | rCorr} (You bought it in a shop on level 7 of the Dungeon)
 10619 | D:2      | Killed Natasha
 11005 | D:5      | Noticed Ijyb
 11008 | D:5      | Noticed Edmund
 11447 | D:8      | Reached skill level 1 in Shields
 11639 | D:8      | Reached XP level 9. HP: 57/72 MP: 20/20
 12207 | D:8      | Reached skill level 5 in Fighting
 12926 | D:9      | Noticed a two-headed ogre
 12926 | D:9      | Noticed a cyclops
 12931 | D:9      | Noticed a two-headed ogre
 12937 | D:9      | Noticed a two-headed ogre
 13236 | D:9      | Noticed a komodo dragon
 13243 | D:10     | Entered Level 10 of the Dungeon
 13611 | D:10     | Noticed a gargoyle
 13720 | D:10     | Found Liabb's Antique Weapon Emporium.
 14808 | D:8      | Reached skill level 5 in Hexes
 14809 | D:8      | Reached XP level 10. HP: 47/83 MP: 20/23
 15106 | D:7      | Paralysed by a hornet for 2 turns
 15829 | D:9      | Reached skill level 6 in Fighting
 15887 | D:9      | Found a staircase to the Lair.
 16404 | Lair:1   | Entered Level 1 of the Lair of Beasts
 16404 | Lair:1   | Noticed a six-headed hydra
 16412 | Lair:1   | Killed a six-headed hydra
 16632 | Lair:1   | Identified a scroll of acquirement
 16632 | Lair:1   | Acquired the amulet of Lady Luck {rPois Regen+ Int+3}
 17047 | Lair:1   | Noticed a black mamba
 17171 | Lair:1   | Learned a level 2 spell: Blink
 17253 | Lair:1   | Noticed a black mamba
 17261 | Lair:1   | Killed a black mamba
 17262 | Lair:1   | Reached skill level 10 in Conjurations
 17262 | Lair:1   | Reached XP level 11. HP: 81/91 MP: 12/25
 17400 | Lair:1   | Reached skill level 7 in Fighting
 18320 | Lair:2   | Reached skill level 8 in Fighting
 18904 | Lair:2   | Got the Incunable of Destiny
 19607 | Lair:3   | Reached skill level 9 in Fighting
 19607 | Lair:3   | Noticed Josephine
 19615 | Lair:3   | Killed Josephine
 19763 | Lair:3   | Reached skill level 5 in Dodging
 19763 | Lair:3   | Reached XP level 12. HP: 102/104 MP: 22/27
 19789 | Lair:3   | Found a staircase to the Snake Pit.
 20104 | Lair:3   | Found a staircase to the Shoals.
 20110 | Lair:3   | Noticed a four-headed hydra
 20177 | Lair:3   | Reached skill level 5 in Shields
 20196 | Lair:3   | Killed a four-headed hydra
 21070 | Lair:4   | Reached skill level 10 in Fighting
 22302 | Lair:4   | Noticed a seven-headed hydra
 22405 | Lair:4   | Killed a seven-headed hydra
 23163 | Lair:5   | Entered Level 5 of the Lair of Beasts
 23164 | Lair:5   | Upgraded the game from 0.29-a0-911-g88e6f02907 to
                  | 0.29-a0-919-gd064cfad1c
 23177 | Lair:5   | Reached skill level 11 in Fighting
 23342 | Lair:5   | Found a frozen archway.
 23350 | Lair:5   | Reached XP level 13. HP: 110/116 MP: 16/29
 23522 | Lair:5   | HP: 5/116 [cane toad (4)]
 23695 | IceCv    | Entered an ice cave
 24268 | IceCv    | Noticed a reaper
 24293 | IceCv    | Killed a reaper
 24294 | IceCv    | Reached skill level 1 in Short Blades
 25688 | D:10     | Found a runed translucent door.
 25690 | D:10     | Noticed hquester1's ghost (novice MiFi)
 25882 | D:11     | Found a gate leading to a gauntlet.
 25888 | Gauntlet | Entered a Gauntlet
 25888 | Gauntlet | Found a transporter.
 25950 | Gauntlet | Found a transporter.
 25952 | Gauntlet | Found a transporter.
 25963 | Gauntlet | Found a transporter.
 25966 | Gauntlet | Found a transporter.
 25979 | Gauntlet | Found a transporter.
 25992 | Gauntlet | Found a transporter.
 26003 | Gauntlet | Found a transporter.
 26011 | Gauntlet | Found a runed translucent gate.
 26011 | Gauntlet | Found a runed translucent gate.
 26011 | Gauntlet | Found a runed translucent gate.
 26014 | Gauntlet | Found the -2 hat of the Alchemist {rElec rPois rF+ rC+ rN+
                  | Will+ rMut rCorr}
 26015 | Gauntlet | Found a transporter.
 26020 | Gauntlet | Found a transporter.
 26034 | Gauntlet | Found a transporter.
 26037 | Gauntlet | Noticed an entropy weaver
 26037 | Gauntlet | a death yak changed into an entropy weaver
 26038 | Gauntlet | Noticed a quicksilver ooze
 26038 | Gauntlet | an entropy weaver changed into a quicksilver ooze
 26040 | Gauntlet | Noticed a fire giant
 26040 | Gauntlet | a quicksilver ooze changed into a fire giant
 26042 | Gauntlet | Noticed a stone giant
 26042 | Gauntlet | a fire giant changed into a stone giant
 26043 | Gauntlet | Noticed a shadow dragon
 26043 | Gauntlet | a stone giant changed into a shadow dragon
 26045 | Gauntlet | Found a transporter.
 26045 | Gauntlet | Found a transporter.
 26073 | Gauntlet | Noticed an acid blob
 26078 | Gauntlet | Noticed an iron dragon
 26078 | Gauntlet | an acid blob changed into an iron dragon
 26080 | Gauntlet | Noticed an eleionoma
 26080 | Gauntlet | an iron dragon changed into an eleionoma
 26087 | Gauntlet | Noticed an azure jelly
 26087 | Gauntlet | an eleionoma changed into an azure jelly
 26090 | Gauntlet | Noticed a reaper
 26092 | Gauntlet | Noticed an emperor scorpion
 26092 | Gauntlet | an azure jelly changed into an emperor scorpion
 26093 | Gauntlet | an emperor scorpion changed into a catoblepas
 26094 | Gauntlet | Noticed an azure jelly
 26094 | Gauntlet | a catoblepas changed into an azure jelly
 26102 | Gauntlet | Found a transporter.
 26387 | Gauntlet | HP: 8/175 [something (6)]
 26388 | Gauntlet | HP: 3/175 [something (12)]
 26389 | Gauntlet | HP: 1/175 [something (5)]
 26391 | Gauntlet | Slain by a ghost moth (shapeshifter)

Illustrated notes

Levels and vault maps discovered:
D:1:      kilobyte_arrival_exit_the_forest, layout_loops_corners
D:2:      layout_loops_corners
D:3:      layout_rooms, serial_shops, shop, uniq_natasha
D:4:      corexii_shack_village, layout_gridville,
          mainiacjoe_overflow_six_doors_small, temple_green, serial_shops,
          nicolae_shop_bloodbath_and_beyond
D:5:      minmay_chambers_of_fours, layout_basic, uniq_edmund, uniq_grinder,
          uniq_ijyb
D:6:      layout_rooms, grunt_temple_overflow_open, kennysheep_generic_room_2,
          uniq_maggie
D:7:      layout_basic, ashenzari_conservatory_becter, kennysheep_little_box,
          serial_shops, nicolae_inconvenience_store
D:8:      layout_basic, kennysheep_generic_room_14
D:9:      layout_loops_cross, mainiacjoe_overflow_paths,
          grunt_lair_entry_orc_guard_hut, minmay_joined_circles
D:10:     layout_roguey, serial_shops, nicolae_shop_statue_plus,
          ebering_ghost_inner_flame
D:11:     layout_rooms, gauntlet_entry_generic, serial_shops,
          nicolae_shop_competitors_out_of_business, uniq_maurice
Lair:1:   layout_chaotic_city, patterned_corridor, grunt_megastairs_4
Lair:2:   layout_roguey
Lair:3:   layout_loops_ring, shoals_dummy_entry, guppyfry_snake_entry_garden,
          chequers_serial_rivers_micro_e, beast_lair_carwin_3,
          lemuel_fruit_fields, uniq_josephine
Lair:4:   layout_small_grid, chequers_serial_rivers_room_a,
          infiniplex_staircase_pool_2
Lair:5:   due_jungle_book, layout_regular_city, slime_entry_1,
          portal_ice_cave_entry_pillars_2
Gauntlet: minmay_gauntlet_77_tree [minmay_gauntlet_arena_77_terracotta_army,
          minmay_gauntlet_arena_77_hold_the_fort,
          minmay_gauntlet_arena_77_broken_ladder, minmay_gauntlet_arena_77_fan,
          minmay_gauntlet_arena_77_run_for_it,
          minmay_gauntlet_arena_77_chump_sandwich, minmay_gauntlet_arena_77_box,
          gauntlet_exit_green]

Skill      XL: |  1  2  3  4  5  6  7  8  9 10 11 12 13 |
---------------+----------------------------------------+-----
Conjurations   | 1 2 3 4 5 6 8 10 | 10.8
Stealth        | 2 |  2.5
Spellcasting   | 3 4 5 6 7 8 |  8.9
Fighting       | 1 2 3 4 5 6 9 11 | 11.9
Air Magic      | 1 |  1.7
Poison Magic   | 1 |  1.6
Hexes          | 1 2 3 5 6 |  6.2
Shields        | 1 2 4 6 7 |  7.4
Dodging        | 2 5 6 7 |  7.5
Short Blades   | 2 |  2.5
Summonings     | |  0.8
Translocations | |  0.8

Action                   |  1- 3 |  4- 6 |  7- 9 | 10-12 | 13-15 || total
-------------------------+-------+-------+-------+-------+-------++-------
Melee: Dagger            |    19 |    38 |    38 |   192 |    82 ||   369
       Short sword       |       |    77 |    12 |       |       ||    89
       Punch             |       |     1 |       |       |       ||     1
       Whip              |       |       |    85 |       |       ||    85
 Cast: Magic Dart        |   148 |   155 |       |       |       ||   303
       Searing Ray       |       |     7 |    69 |    87 |    24 ||   187
       Mephitic Cloud    |       |     4 |     6 |     5 |       ||    15
       Fulminant Prism   |       |       |    15 |   123 |    64 ||   202
       Blink             |       |       |       |     3 |    12 ||    15
Evoke: Wand              |       |       |     4 |     1 |     6 ||    11
       Phial of floods   |       |       |       |       |     1 ||     1
  Use: Scroll            |     7 |     6 |     9 |    17 |     5 ||    44
       Potion            |     1 |     2 |     1 |    10 |     5 ||    19
 Stab: Invisible         |       |     1 |       |       |       ||     1
       Sleeping          |       |     1 |       |       |       ||     1
Armor: Robe              |    10 |    54 |    88 |   103 |    47 ||   302
       Ring mail         |       |       |    34 |       |       ||    34
       Skin              |       |       |       |       |    12 ||    12
Dodge: Dodged            |    27 |   109 |   165 |   314 |   125 ||   740
Block: Buckler           |       |       |    63 |   164 |    31 ||   258
       Kite shield       |       |       |       |       |    46 ||    46

Table legend: (Time is in decaauts)
 A = Elapsed time spent in this place.
 B = Non-inter-level travel time spent in this place.
 C = Inter-level travel time spent in this place.
 D = Time resting spent in this place.
 E = Time spent auto-exploring this place.
 F = Levels seen in this place.
 G = Mean time per level.
                   A        B        C        D        E       F      G
               +--------+--------+--------+--------+--------+-----+--------+
         Total |  26528 |  24880 |   1648 |   1979 |  18334 |  18 | 1473.8 |
       Dungeon |  17222 |  15876 |   1346 |   1468 |  11931 |  11 | 1565.6 |
          Lair |   7628 |   7326 |    302 |    490 |   5224 |   5 | 1525.6 |
      Ice Cave |   1174 |   1174 |      0 |     21 |    815 |   1 | 1174.0 |
      Gauntlet |    503 |    503 |      0 |      0 |    364 |   1 |  503.0 |
               +--------+--------+--------+--------+--------+-----+--------+

Top non-repeatable levels by time:
     D:9: 2374 daAuts
     D:2: 2306 daAuts
  Lair:4: 2226 daAuts
     D:5: 2008 daAuts
  Lair:3: 1887 daAuts
     D:8: 1885 daAuts
     D:7: 1879 daAuts
     D:1: 1869 daAuts
  Lair:2: 1784 daAuts
     D:4: 1677 daAuts
  Lair:1: 1387 daAuts
     D:3: 1264 daAuts
   IceCv: 1174 daAuts
    D:10: 1081 daAuts
     D:6: 843 daAuts
